 Dungeon Crawl Stone Soup version 0.30-a0-1066-g63dfefce0d (webtiles) character file.

Game seed: 10047145163783256865

71 oldriver the Trooper (level 4, 0/43 HPs)
             Began as a Gargoyle Fighter on Apr 13, 2023.
             Slain by Pikel
             ... wielding a +1 whip of electrocution
              (7 damage)
             ... on level 4 of the Dungeon.
             The game lasted 00:02:27 (1715 turns).

oldriver the Trooper (Gargoyle Fighter)             Turns: 1715, Time: 00:02:28

Health: 0/43       AC: 26    Str: 20 (22) XL:     4   Next: 24%
Magic:  4/4        EV:  2    Int:  5 (8)  God:
Gold:   164        SH:  4    Dex:  6 (9)  Spells: 3/3 levels left

rFire   . . .      SeeInvis .    a - +0 war axe
rCold   . . .      Faith    .    c - +0 buckler
rNeg    + . .      Spirit   .    b - melded +0 scale mail
rPois   ∞          Reflect  .    (helmet currently unavailable)
rElec   .          Rampage  .    o - melded scarf {repulsion}
rCorr   .          NoTele   +    (gloves currently unavailable)
Will    .....                    (boots currently unavailable)
Stlth   +                        t - amulet of regeneration
HPRegen 1.07/turn                m - +4 ring of protection
MPRegen 0.09/turn                (no ring)

@: mighty, tree-form, studying Spellcasting
A: stationary, stasis, torment immunity, boosted hp, sickness immunity, AC +3,
negative energy resistance 1, (electricity resistance), torment resistance 1,
petrification resistance, (talons 1), sense surroundings 1
a: no special abilities


You were on level 4 of the Dungeon.
You were a tree.
You visited 1 branch of the dungeon, and saw 4 of its levels.

You collected 164 gold pieces.

Inventory:

Hand Weapons
 a - a +0 war axe (weapon)
Armour
 b - a +0 scale mail (melded)
 c - a +0 buckler (worn)
 o - a scarf of repulsion (melded)
Jewellery
 m - a +4 ring of protection (left branch)
 t - an amulet of regeneration (around neck)
Wands
 s - a wand of quicksilver (4)
Scrolls
 h - a scroll of identify {unknown}
 i - a scroll of teleportation
 r - a scroll of noise {unknown}
Potions
 d - a potion of might
 e - 2 potions of heal wounds {unknown}
 f - a potion of attraction {unknown}
 u - a potion of invisibility {unknown}


   Skills:
 + Level 4.1 Fighting
 * Level 3.4 Axes
 - Level 3.2 Armour
 - Level 3.2 Shields


You had 3 spell levels left.
You didn't know any spells.
Your spell library contained the following spells:

 Spells                   Type           Power      Damage    Failure   Level
 Magic Dart               Conj           0%         1d3       56%         1
 Summon Small Mammal      Summ           0%         N/A       56%         1
 Call Imp                 Summ           0%         N/A       71%         2
 Poisonous Vapours        Pois/Air       0%         N/A       71%         2
 Call Canine Familiar     Summ           0%         N/A       91%         3
 Inner Flame              Hex/Fire       0%         N/A       91%         3
 Mephitic Cloud           Conj/Pois/Air  0%         N/A       91%         3
 Ozocubu's Armour         Ice            0%         N/A       91%         3
 Summon Guardian Golem    Hex/Summ       0%         N/A       91%         3
 Flame Wave               Conj/Fire      0%         2d4       100%        4
 Sticky Flame             Conj/Fire      0%         2d3       100%        4
 Freezing Cloud           Conj/Ice/Air   0%         6-21      100%        5
 Ozocubu's Refrigeration  Ice            0%         4d7       100%        7


Dungeon Overview and Level Annotations

Branches:
Dungeon (4/15)
 Temple: D:4-7

Altars:

Annotations:
D:4 Pikel


Innate Abilities, Weirdness & Mutations

You are a tree.
Your roots penetrate the ground, keeping you stationary.
You cannot be teleported.
You are immune to unholy pain and torment.
Your maximum health is greatly increased.
Your equipment is partially melded.
You are immune to sickness and miasma.
((Your stone body is resilient. (AC +3)))
You are immune to poison.
You resist negative energy. (rN+)
((You are resistant to electric shocks. (rElec)))
You are resistant to unholy torment.
You are immune to petrification.
((You have sharp toenails.))
You passively map a small area around you.


Message History

Pikel is moderately wounded.
You hit the lemure but do no damage.
Pikel hits you with a +1 whip of electrocution.
Unknown command.
You barely miss Pikel.
Pikel is moderately wounded.
You barely miss the lemure. The lemure hits you.
Pikel hits you with a +1 whip of electrocution!
* * * LOW HITPOINT WARNING * * *
Unknown command.
It was a potion of degeneration.
There was something very wrong with that liquid.
You feel weakened.
You feel dopey.
You feel clumsy.
The lemure hits you but does no damage. x2
Pikel hits you with a +1 whip of electrocution.
* * * LOW HITPOINT WARNING * * *
Unknown command.
It was a potion of magic.
Magic courses through your body.
You hear the slow rusting of a very distant drain.
The lemure barely misses you. The lemure hits you but does no damage.
Pikel hits you but does no damage.
It was a potion of lignification.
You turn into a tree.
Your scarf of repulsion melds into your body.
Your +0 scale mail melds into your body.
The haze of the repulsion field disappears.
Your roots penetrate the ground.
The lemure hits you but does no damage. The lemure hits you.
* * * LOW HITPOINT WARNING * * *
Pikel hits you with a +1 whip of electrocution.
* * * LOW HITPOINT WARNING * * *
It was a potion of curing.
You feel better.
The lemure hits you but does no damage. x2
Pikel hits you with a +1 whip of electrocution.
* * * LOW HITPOINT WARNING * * *
It was a potion of mutation.
You feel extremely strange.
You feel a strange attunement to the structure of the dungeons.
Your toenails lengthen and sharpen.
The lemure hits you but does no damage. x2
Pikel hits you with a +1 whip of electrocution!
You die...

,,*,,,,,,,,,#.........###..<.##
,,*,**,,,*,,...####.....#..###
,,,,,,,,**,*,...##......####
,*,,,,,,,..***#...#....###
***,,,,,,...###..........#**
*,,,,,,,,...5............#,**
,,,,,,,,,,,#...55....###....#**
,,,,,,,,,,,*#.##5K...##...#...***
*,,,,,,,,,,,,,,#♣5...)....#,...,*
**,,,,,,**,,,,,#..##.###..#,,..,*
,*,,,,,***#..........#**..#,,,.,,
,,,,,,** #...............#,,,,,,
,*,,,,,* ##............,,,,*****
**,,,,*****#...$....#...,,*,*
*,,,,,,,,,#....###..##.?.,,,*
,,,,,,,*,.....#**,...,..,,,,*
,,,,,***,.....,,,,#.##,,,,,**


You could see Pikel and 4 lemures.

Vanquished Creatures
  An adder (D:2)
  A worm (D:3)
  A dart slug (D:3)
  9 ball pythons
  9 endoplasms
  2 giant cockroaches
  9 goblins
  4 hobgoblins
  5 quokkas (D:1)
  A bat (D:1)
  2 frilled lizards (D:1)
  3 kobolds
  2 rats (D:2)
49 creatures vanquished.

Notes
Turn   | Place    | Note
-------+----------+-------------------------------------------
     0 | D:1      | oldriver the Gargoyle Fighter began the quest for the Orb.
     0 | D:1      | Reached XP level 1. HP: 14/14 MP: 1/1
   107 | D:1      | Reached XP level 2. HP: 19/19 MP: 2/2
   306 | D:1      | Reached XP level 3. HP: 24/24 MP: 3/3
  1079 | D:2      | Reached skill level 4 in Fighting
  1090 | D:2      | Reached XP level 4. HP: 29/29 MP: 4/4
  1583 | D:3      | Found a faded altar of an unknown god.
  1671 | D:4      | Identified a scroll of acquirement
  1671 | D:4      | Acquired a manual of Spellcasting
  1691 | D:4      | Noticed a lemure
  1701 | D:4      | Noticed Pikel
  1706 | D:4      | Noticed a lemure
  1706 | D:4      | Noticed a lemure
  1708 | D:4      | Noticed a lemure
  1713 | D:4      | HP: 2/43 [Pikel/+1 whip of electrocution (2)]
  1715 | D:4      | Gained mutation: You passively map a small area around you.
                  | [potion of mutation]
  1715 | D:4      | Gained mutation: You have sharp toenails. [potion of
                  | mutation]
  1715 | D:4      | Slain by Pikel

Illustrated notes

Levels and vault maps discovered:
D:1:      dpeg_arrival_tiny_d, layout_loops_ring, minmay_vboxes
D:2:      layout_loops_ring, chequers_hall_statues_wall_a,
          minmay_stone_trees_large, minmay_puff
D:3:      layout_basic, hellmonk_ecumenical_altar_inner_sanctum,
          kennysheep_generic_room_15
D:4:      layout_cave_pools, lemuel_round_altar, portal_sewer_entry_e,
          uniq_duvessa, uniq_pikel, uniq_menkaure

Skill      XL: |  1  2  3 |
---------------+----------+-----
Axes           | 2 3 |  3.4
Fighting       | 4 |  4.1
Armour         | |  3.2
Shields        | |  3.2

Action                     |  1- 3 |  4- 6 || total
---------------------------+-------+-------++-------
  Melee: War axe           |    97 |    37 ||   134
    Use: Potion            |       |     6 ||     6
         Scroll            |       |     4 ||     4
 Armour: Scale mail        |    45 |    20 ||    65
         Skin              |       |     5 ||     5
  Dodge: Dodged            |    42 |    16 ||    58
         Repelled          |       |     1 ||     1
  Block: Buckler           |    11 |     5 ||    16

Table legend: (Time is in decaauts)
 A = Elapsed time spent in this place.
 B = Non-inter-level travel time spent in this place.
 C = Inter-level travel time spent in this place.
 D = Time resting spent in this place.
 E = Time spent auto-exploring this place.
 F = Levels seen in this place.
 G = Mean time per level.
                   A        B        C        D        E       F      G
               +--------+--------+--------+--------+--------+-----+--------+
         Total |   1767 |   1695 |     72 |      0 |   1307 |   4 |  441.8 |
       Dungeon |   1767 |   1695 |     72 |      0 |   1307 |   4 |  441.8 |
               +--------+--------+--------+--------+--------+-----+--------+

Top non-repeatable levels by time:
     D:2: 773 daAuts
     D:1: 692 daAuts
     D:3: 249 daAuts
     D:4: 52 daAuts
